 Dungeon Crawl Stone Soup version 0.28-a0-1184-g53156a8862 (webtiles) character file.

Game seed: 631825777972865341

693 ytrimaz the Insei (level 7, -1/46 HPs)
             Began as an Octopode Transmuter on Dec 18, 2021.
             Hit by a stone thrown by a gnoll (3 damage)
             ... on level 4 of the Dungeon.
             The game lasted 00:06:37 (6049 turns).

ytrimaz the Insei (Octopode Transmuter)             Turns: 6049, Time: 00:06:38

Health: -1/46      AC:  2    Str:  7 (9)  XL:     7   Next: 64%
Magic:  13/13      EV: 19    Int: 17      God:
Gold:   251        SH:  0    Dex: 20      Spells: 4/14 levels left

rFire   . . .      SeeInvis +     - Unarmed
rCold   . . .      Faith    .   (shield currently unavailable)
rNeg    + . .      Spirit   .   (helmet currently unavailable)
rPois   x          Reflect  .   g - amulet of magic regeneration
rElec   .          Harm     .   a - ring of positive energy
rCorr   .          Rampage  .   q - ring of see invisible
Will    .....                   (no ring)
Stlth   ++........              (no ring)
HPRegen 0.15/turn               (no ring)
MPRegen 0.53/turn               (no ring)
                                (no ring)
                                (no ring)

@: spider-form
A: venomous fangs, almost no armour, (amphibious), 8 rings, tiny, (camouflage
1), (gelatinous body 1), (nimble swimmer 1), (tentacles), agile 1, deterioration
1, (poison resistance), evolution 1, MP-powered wands
a: End Transformation


You were on level 4 of the Dungeon.
You were a venomous arachnid creature.
You visited 1 branch of the dungeon, and saw 4 of its levels.
You also visited: Ossuary.

You collected 251 gold pieces.

Inventory:

Jewellery
 a - a ring of positive energy (left front leg)
 g - an amulet of magic regeneration (around neck)
 q - a ring of see invisible (right front leg)
Wands
 d - a wand of polymorph (9)
Scrolls
 e - 2 scrolls of teleportation
 h - a scroll of brand weapon
 k - a scroll of fear
 l - a scroll of fog
 o - 2 scrolls of enchant armour
Potions
 b - a potion of lignification
 c - 2 potions of curing
 f - a potion of magic
 i - a potion of might {unknown}
 j - a potion of cancellation {unknown}
 m - 2 potions of heal wounds
 n - a potion of degeneration {unknown}
 p - a potion of flight {unknown}


   Skills:
 * Level 3.0 Fighting
 - Level 2.0 Dodging
 + Level 5.0 Unarmed Combat
 * Level 4.2 Spellcasting
 * Level 4.4 Transmutations
 + Level 0.9 Ice Magic
 * Level 1.9 Poison Magic


You had 4 spell levels left.
You knew the following spells:

 Your Spells              Type           Power      Damage    Failure   Level
a - Beastly Appendage     Tmut           36%        N/A       10%         1
b - Wereblood             Tmut           18%        N/A       12%         2
c - Spider Form           Tmut/Pois      14%        N/A       28%         3
d - Ice Form              Ice/Tmut       12%        N/A       67%         4

Your spell library contained the following spells:

 Spells                   Type           Power      Damage    Failure   Level


Dungeon Overview and Level Annotations

Branches:
Dungeon (4/15)            Ossuary (visited)
 Temple: D:4-7

Altars:

Shops:
D:2 [


Innate Abilities, Weirdness & Mutations

You are a venomous arachnid creature.
You have poisonous fangs.
You are tiny and dextrous.
Your spellcasting is less reliable in this form.
Your armour is entirely melded.
You are incapable of wielding weapons or throwing items.
You cannot wear most types of armour.
((You are amphibious.))
You can wear up to eight rings at the same time.
((Your skin changes colour to match your surroundings (Stealth+).))
((Your rubbery body absorbs attacks. (AC +1, EV +1)))
((You are camouflaged near water. (Stealth+)))
((You have tentacles for arms and can constrict up to eight enemies at once.))
You are agile. (Dex +2)
Your body sometimes deteriorates upon taking damage.
((Your system is resistant to poisons. (rPois)))
You have hidden genetic potential.
You expend magic power (3 MP) to strengthen your wands.


Message History

A gnoll shaman comes into view. It is wielding a +0 whip.
You are too injured to fight recklessly!
You are too injured to fight recklessly!
You hit the gnoll.
The gnoll looks as sick as possible!
The gnoll is almost dead.
The gnoll barely misses you.
The gnoll hits you from afar with a +0 spear!
* * * LOW HITPOINT WARNING * * *
The gnoll hits you with a +0 spear.
* * * LOW HITPOINT WARNING * * *
You kill the gnoll!
Unknown command.
A gnoll comes into view. It is wielding a +0 spear.
The gnoll shouts!
The gnoll moves out of view.
There is an open door here.
You feel much better. The gnoll hits you with a +0 club. The gnoll misses you.
Unknown command.
You bite the gnoll!
The gnoll is poisoned.
The gnoll is severely wounded.
The gnoll completely misses you.
You hit the gnoll.
You kill the gnoll!
Unknown command.
The gnoll hits you from afar with a +0 spear!
There is an open door, spattered with blood here.
Unknown command.
You hit the gnoll shaman but do no damage.
The gnoll shaman is poisoned.
The gnoll shaman barely misses you.
The gnoll hits you from afar with a +0 spear!
* * * LOW HITPOINT WARNING * * *
The gnoll hits you from afar with a +0 spear.
* * * LOW HITPOINT WARNING * * *
Unknown command.
The gnoll throws a stone.
The stone hits you.
* * * LOW HITPOINT WARNING * * *
The gnoll shaman calls down the wrath of its god upon you.
You resist with some effort.
The gnoll throws a stone.
The stone hits you.
You die...

## #.....#.....# #...#....#...#
.# #.....#.....#####..'....'...#
.# #.....#....#....##'#....#...#
.# #.....#....#........#####...#
.####.#'###....#........# #...#
#..............#........# #...#
#........##....#........#####...#
'....#...#####'#............#...#
#....#.........#s...........#...#
#....#...##...<#............#...#
#....######....#............#...#
#....#...#.....#..g.........#####
#....#...#.....#....g.####....
#....#...#######....g.#..#.....
#....#...# ..........)'..#.....
#....'...#............#..# ..
+....#####......####+##..#


You could see a gnoll shaman (very poisoned) and 2 gnolls.

Vanquished Creatures
  Sigmund (D:2)
  A phantom (D:4)
  2 centaur zombies (Ossuary)
  A human zombie (Ossuary)
  A centaur skeleton (D:4)
  Terence (D:2)
  A bullfrog skeleton (D:4)
  3 hound zombies (Ossuary)
  3 mummies (Ossuary)
  5 gnolls
  4 adders
  An ufetubus (D:4)
  4 adder zombies (Ossuary)
  2 worms
  3 dart slugs (D:1)
  5 ball pythons
  6 endoplasms
  3 giant cockroaches (D:1)
  2 gnoll zombies (Ossuary)
  9 goblins
  3 hobgoblins
  6 jackals (D:2)
  A quokka (D:3)
  3 bats
  6 frilled lizards
  4 goblin zombies (Ossuary)
  A hobgoblin zombie (Ossuary)
  8 jackal zombies
  7 kobolds
  2 kobold zombies (Ossuary)
  An orc zombie (Ossuary)
  7 quokka zombies (Ossuary)
  4 rats
  2 rat zombies
113 creatures vanquished.

Notes
Turn   | Place    | Note
-------+----------+-------------------------------------------
     0 | D:1      | ytrimaz the Octopode Transmuter began the quest for the
                  | Orb.
     0 | D:1      | Reached XP level 1. HP: 13/13 MP: 3/3
   171 | D:1      | Reached XP level 2. HP: 12/18 MP: 3/5
   178 | D:1      | Learned a level 2 spell: Wereblood
   634 | D:1      | Reached XP level 3. HP: 23/23 MP: 4/6
   638 | D:1      | Learned a level 3 spell: Spider Form
  1141 | D:2      | Found Hosytar's Armour Emporium.
  1145 | D:2      | Noticed Sigmund
  1527 | D:2      | Noticed Terence
  1544 | D:2      | Killed Terence
  1545 | D:2      | Reached XP level 4. HP: 16/28 MP: 3/7
  1935 | D:2      | Killed Sigmund
  1936 | D:2      | Reached skill level 4 in Unarmed Combat
  1936 | D:2      | Reached XP level 5. HP: 23/34 MP: 4/10
  1936 | D:2      | Reached XP level 6. HP: 26/39 MP: 4/11
  2102 | D:2      | Found a faded altar of an unknown god.
  3841 | D:4      | Reached skill level 1 in Poison Magic
  4320 | D:4      | Reached XP level 7. HP: 12/45 MP: 13/13
  4329 | D:4      | Found a sand-covered staircase.
  4341 | Ossuary  | Entered an ossuary
  4742 | Ossuary  | Learned a level 4 spell: Ice Form
  4809 | Ossuary  | Gained mutation: You occasionally shout uncontrollably at
                  | your foes. [mutagenic glow]
  4828 | Ossuary  | Lost mutation: You occasionally shout uncontrollably at
                  | your foes. [potion of mutation]
  4828 | Ossuary  | Gained mutation: You are frail. (-10% HP) [potion of
                  | mutation]
  4828 | Ossuary  | Gained mutation: Your body sometimes deteriorates upon
                  | taking damage. [potion of mutation]
  4828 | Ossuary  | Gained mutation: You expend magic power (3 MP) to
                  | strengthen your wands. [potion of mutation]
  4830 | Ossuary  | Lost mutation: You are frail. (-10% HP) [potion of
                  | mutation]
  4830 | Ossuary  | Gained mutation: You are agile. (Dex +2) [potion of
                  | mutation]
  4830 | Ossuary  | Gained mutation: Your system is resistant to poisons.
                  | (rPois) [potion of mutation]
  4830 | Ossuary  | Gained mutation: You have hidden genetic potential. [potion
                  | of mutation]
  5211 | Ossuary  | Reached skill level 5 in Unarmed Combat
  6048 | D:4      | HP: 2/46 [gnoll/stone (5)]
  6049 | D:4      | Hit by a stone thrown by a gnoll

Illustrated notes

Levels and vault maps discovered:
D:1:      heliophobic_arrival_battle_scene, layout_basic, minmay_tall_x
D:2:      layout_basic, serial_shops, nicolae_shop_hallway_stairs,
          hellmonk_ecumenical_altar_zigzags, uniq_terence, uniq_sigmund
D:3:      layout_basic
D:4:      layout_gridville, enter_ossuary_3

Skill      XL: |  1  2  3  4  5  6  7 |
---------------+----------------------+-----
Transmutations | 3 4 |  4.4
Fighting       | 2 3 |  3.0
Unarmed Combat | 4 5 |  5.0
Spellcasting   | 3 4 |  4.2
Poison Magic   | 1 |  1.9
Dodging        | |  2.0
Ice Magic      | |  0.9

Action                   |  1- 3 |  4- 6 |  7- 9 || total
-------------------------+-------+-------+-------++-------
Melee: Unarmed           |    83 |    99 |   125 ||   307
       Constrict         |    18 |    12 |    16 ||    46
       Kick              |    11 |     4 |     9 ||    24
       Tentacles         |     9 |    10 |     9 ||    28
       Punch             |     1 |       |     1 ||     2
 Cast: Beastly Appendage |    19 |     8 |     6 ||    33
       Wereblood         |     1 |     2 |     2 ||     5
       Spider Form       |     2 |     8 |     1 ||    11
       Ice Form          |       |       |     4 ||     4
  Use: Scroll            |     3 |     8 |     2 ||    13
       Potion            |       |       |     3 ||     3
 Stab: Sleeping          |     4 |     4 |     3 ||    11
Armor: Skin              |     9 |     6 |    44 ||    59
Dodge: Dodged            |    75 |    72 |    96 ||   243

Table legend: (Time is in decaauts)
 A = Elapsed time spent in this place.
 B = Non-inter-level travel time spent in this place.
 C = Inter-level travel time spent in this place.
 D = Time resting spent in this place.
 E = Time spent auto-exploring this place.
 F = Levels seen in this place.
 G = Mean time per level.
                   A        B        C        D        E       F      G
               +--------+--------+--------+--------+--------+-----+--------+
         Total |   6026 |   5908 |    118 |   1458 |   3320 |   5 | 1205.2 |
       Dungeon |   4627 |   4509 |    118 |    654 |   2989 |   4 | 1156.8 |
       Ossuary |   1399 |   1399 |      0 |    804 |    331 |   1 | 1399.0 |
               +--------+--------+--------+--------+--------+-----+--------+

Top non-repeatable levels by time:
     D:2: 1565 daAuts
 Ossuary: 1399 daAuts
     D:1: 1380 daAuts
     D:4: 919 daAuts
     D:3: 762 daAuts
